TOP OF THE 1ST |
---|
Red Deer Wranglers batting - Pitching for Moose Jaw Ghostbusters : RHP A.J. Wellman | Pitching: RHP A.J. Wellman | | Batting: RHB Julián García | 0-0: Called Strike 0-1: Foul Ball, location: 2F 0-2: Ball 1-2: Foul Ball, location: 2F 1-2: Ball 2-2: Foul Ball, location: 2F 2-2: Foul Ball, location: 2F 2-2: Ball 3-2: Base on Balls | Batting: SHB Robbie Rhodes | 0-0: Called Strike 0-1: Ball Wild Pitch! Julián García to second 1-1: Ball 2-1: Swinging Strike 2-2: Ball 3-2: Foul Ball, location: 2F 3-2: Hit by Pitch | Batting: LHB Edgar López | 0-0: Foul Ball, location: 2F 0-1: Swinging Strike 0-2: Ball 1-2: Ball 2-2: Strikes out looking | Batting: LHB Jorge Olvera | 0-0: Swinging Strike 0-1: Ball 1-1: Ball 2-1: Foul Ball, location: 2F 2-2: Foul Ball, location: 2F 2-2: Foul Ball, location: 2F 2-2: Strikes out swinging | Batting: RHB Pedro Cabrera | 0-0: Ball 1-0: Ball 2-0: Ball 3-0: Called Strike 3-1: Base on Balls Julián García to third Robbie Rhodes to second | Batting: RHB Joe Lewis | 0-0: Ball 1-0: Foul Ball, location: 2F 1-1: DOUBLE (Line Drive, 7LM) Julián García scores Robbie Rhodes scores Pedro Cabrera to third Runner from 3rd tries for Home, SAFE, no throw | Batting: RHB Xavier López | 0-0: Called Strike 0-1: Ball 1-1: Foul Ball, location: 2F 1-2: Strikes out swinging | Top of the 1st over - 3 runs, 1 hit, 0 errors, 1 left on base; Red Deer 3 - Moose Jaw 0 | BOTTOM OF THE 1ST |
---|
Moose Jaw Ghostbusters batting - Pitching for Red Deer Wranglers : RHP Arthur Kemp | Pitching: RHP Arthur Kemp | | Batting: LHB John Stone | 0-0: SINGLE (Groundball, 34D) | Batting: LHB Jon Rogers | 0-0: Ball 1-0: Ball 2-0: Called Strike 2-1: Fly out, F7 (Flyball, 7S) | Batting: RHB Billy Mullins | 0-0: Called Strike 0-1: Ball 1-1: SINGLE (Groundball, 56S) (infield hit) John Stone to second | Batting: RHB Yasuhiko Sumita | 0-0: Ball 1-0: Ball Wild Pitch! John Stone to third Billy Mullins to second 2-0: Called Strike 2-1: Ball 3-1: Base on Balls | Batting: RHB Johnny MacNamara | 0-0: Ball 1-0: Fly out, F7 (Flyball, 7S) | Batting: LHB Tony Beck | 0-0: Ball 1-0: Swinging Strike 1-1: Ball 2-1: Ball 3-1: Foul Ball, location: 2F 3-2: SINGLE (Groundball, 34D) John Stone scores Billy Mullins to third Yasuhiko Sumita to second Billy Mullins scores Yasuhiko Sumita to third | Batting: SHB Martín Cruz | 0-0: Swinging Strike 0-1: Fly out, F8 (Flyball, 89D) | Bottom of the 1st over - 2 runs, 3 hits, 0 errors, 2 left on base; Red Deer 3 - Moose Jaw 2 | TOP OF THE 2ND |
---|
Red Deer Wranglers batting - Pitching for Moose Jaw Ghostbusters : RHP A.J. Wellman | Batting: LHB Héctor Santos | 0-0: Ball 1-0: Called Strike 1-1: Swinging Strike 1-2: Strikes out looking | Batting: RHB Allen Brown | 0-0: Swinging Strike 0-1: Ball 1-1: Swinging Strike 1-2: Ball 2-2: Strikes out swinging | Batting: RHB Julián García | 0-0: Ball 1-0: Ball 2-0: Ball 3-0: Called Strike 3-1: Called Strike 3-2: Ground out 3-1 (Groundball, 2R) | Top of the 2nd over - 0 runs, 0 hits, 0 errors, 0 left on base; Red Deer 3 - Moose Jaw 2 | BOTTOM OF THE 2ND |
---|
Moose Jaw Ghostbusters batting - Pitching for Red Deer Wranglers : RHP Arthur Kemp | Batting: RHB Henry Barker | 0-0: Ball 1-0: Swinging Strike 1-1: Foul Ball, location: 2F 1-2: Ball 2-2: Ball 3-2: Base on Balls | Batting: SHB Michael Miller | 0-0: Ball 1-0: Ball 2-0: Ball 3-0: Base on Balls Henry Barker to second | Batting: LHB John Stone | 0-0: Called Strike 0-1: Called Strike 0-2: Fielders Choice at 2nd, 3-6 (Groundball, 34) Henry Barker to third | Batting: LHB Jon Rogers | 0-0: Called Strike 0-1: Ground out 3-1 (Groundball, 3D) Henry Barker scores John Stone to second | Batting: RHB Billy Mullins | 0-0: Ball 1-0: Ball 2-0: Ball 3-0: Called Strike 3-1: Base on Balls | Batting: RHB Yasuhiko Sumita | 0-0: Ball 1-0: SINGLE (Line Drive, 8RS) John Stone to third Billy Mullins to second Runner from 3rd tries for Home, SAFE, no throw | Batting: RHB Johnny MacNamara | 0-0: Called Strike 0-1: Swinging Strike 0-2: Strikes out swinging | Bottom of the 2nd over - 2 runs, 1 hit, 0 errors, 2 left on base; Red Deer 3 - Moose Jaw 4 | TOP OF THE 3RD |
---|
Red Deer Wranglers batting - Pitching for Moose Jaw Ghostbusters : RHP A.J. Wellman | Batting: SHB Robbie Rhodes | 0-0: Ball 1-0: Ground out 4-3 (Groundball, 4) | Batting: LHB Edgar López | 0-0: Foul Ball, location: 2F 0-1: Fly out, F7 (Flyball, 7S) | Batting: LHB Jorge Olvera | 0-0: Ball 1-0: Called Strike 1-1: Ball 2-1: Foul Ball, location: 2F 2-2: Ball 3-2: Strikes out swinging | Top of the 3rd over - 0 runs, 0 hits, 0 errors, 0 left on base; Red Deer 3 - Moose Jaw 4 | BOTTOM OF THE 3RD |
---|
Moose Jaw Ghostbusters batting - Pitching for Red Deer Wranglers : RHP Arthur Kemp | Batting: LHB Tony Beck | 0-0: Called Strike 0-1: Ball 1-1: Fly out, F7 (Flyball, 7) | Batting: SHB Martín Cruz | 0-0: Ball 1-0: Called Strike 1-1: Foul Ball, location: 2F 1-2: SINGLE (Groundball, 6D) | Batting: RHB Henry Barker | 0-0: Ball 1-0: Ball 2-0: Fly out, F3 (Popup, 23F) | Batting: SHB Michael Miller | 0-0: Called Strike 0-1: Ball 1-1: Fielders Choice at 2nd, 6-4 (Groundball, 6) | Bottom of the 3rd over - 0 runs, 1 hit, 0 errors, 1 left on base; Red Deer 3 - Moose Jaw 4 | TOP OF THE 4TH |
---|
Red Deer Wranglers batting - Pitching for Moose Jaw Ghostbusters : RHP A.J. Wellman | Batting: RHB Pedro Cabrera | 0-0: Ball 1-0: Called Strike 1-1: Swinging Strike 1-2: Foul Ball, location: 2F 1-2: Hit by Pitch | Batting: RHB Joe Lewis | 0-0: Foul Ball, location: 2F 0-1: Swinging Strike 0-2: Ball 1-2: Ball 2-2: SINGLE (Groundball, 56D) Pedro Cabrera to second | Batting: RHB Xavier López | 0-0: Foul Ball, location: 2F 0-1: Ground out 5-3 (Groundball, 5S) Pedro Cabrera to third Joe Lewis to second | Batting: LHB Héctor Santos | 0-0: Foul Ball, location: 2F 0-1: Ball 1-1: Foul Ball, location: 2F 1-2: SINGLE (Line Drive, 9LS) Pedro Cabrera scores Joe Lewis to third | Batting: RHB Allen Brown | 0-0: Foul Ball, location: 2F 0-1: Grounds into double play, 5-4-3 (Groundball, 56) | Top of the 4th over - 1 run, 2 hits, 0 errors, 1 left on base; Red Deer 4 - Moose Jaw 4 | BOTTOM OF THE 4TH |
---|
Moose Jaw Ghostbusters batting - Pitching for Red Deer Wranglers : RHP Arthur Kemp | Batting: LHB John Stone | 0-0: Swinging Strike 0-1: Swinging Strike 0-2: Fly out, F9 (Flyball, 9D) | Batting: LHB Jon Rogers | 0-0: Foul Ball, location: 2F 0-1: Ball 1-1: Swinging Strike 1-2: Foul Ball, location: 2F 1-2: Ball 2-2: Ball 3-2: Hit by Pitch | Batting: RHB Billy Mullins | 0-0: Swinging Strike 0-1: Ball 1-1: Called Strike 1-2: Strikes out swinging | Batting: RHB Yasuhiko Sumita | 0-0: SINGLE (Line Drive, 89M) Jon Rogers to second | Batting: RHB Johnny MacNamara | 0-0: Called Strike 0-1: Ball 1-1: Ball 2-1: Fielders Choice at 2nd, 5-4 (Groundball, 5L) | Bottom of the 4th over - 0 runs, 1 hit, 0 errors, 2 left on base; Red Deer 4 - Moose Jaw 4 | TOP OF THE 5TH |
---|
Red Deer Wranglers batting - Pitching for Moose Jaw Ghostbusters : RHP A.J. Wellman | Batting: RHB Julián García | 0-0: Ball 1-0: Ball 2-0: Ball 3-0: Base on Balls | Batting: SHB Robbie Rhodes | 0-0: Called Strike 0-1: Ball 1-1: Foul Ball, location: 2F 1-2: DOUBLE (Line Drive, 9LM) Julián García to third | Batting: LHB Edgar López | 0-0: Intentional Walk | Batting: LHB Jorge Olvera | 0-0: Ball 1-0: Foul Ball, location: 2F 1-1: Ball 2-1: Called Strike 2-2: Ball 3-2: Foul Ball, location: 2F 3-2: Base on Balls Julián García scores Robbie Rhodes to third Edgar López to second | Pitching: RHP Tom Fisher | | Batting: RHB Pedro Cabrera | 0-0: Ball 1-0: Ball 2-0: Called Strike 2-1: Foul Ball, location: 2F 2-2: Ball 3-2: Foul Ball, location: 2F 3-2: Fly out, F3 (Popup, 3SF) | Batting: RHB Joe Lewis | 0-0: Called Strike 0-1: Called Strike 0-2: Foul Ball, location: 2F 0-2: Strikes out swinging | Batting: RHB Xavier López | 0-0: Ball 1-0: Called Strike 1-1: Foul Ball, location: 2F 1-2: Foul Ball, location: 2F 1-2: Strikes out swinging | Top of the 5th over - 1 run, 1 hit, 0 errors, 3 left on base; Red Deer 5 - Moose Jaw 4 | BOTTOM OF THE 5TH |
---|
Moose Jaw Ghostbusters batting - Pitching for Red Deer Wranglers : RHP Arthur Kemp | Batting: LHB Tony Beck | 0-0: Foul Ball, location: 2F 0-1: Ball 1-1: Ball 2-1: Ground out U3 (Groundball, 3) | Batting: SHB Martín Cruz | 0-0: Ball 1-0: Called Strike 1-1: Fly out, F6 (Popup, P) | Batting: RHB Henry Barker | 0-0: Called Strike 0-1: Ball 1-1: Foul Ball, location: 2F 1-2: Foul Ball, location: 2F 1-2: Ball 2-2: Foul Ball, location: 2F 2-2: Strikes out looking | Bottom of the 5th over - 0 runs, 0 hits, 0 errors, 0 left on base; Red Deer 5 - Moose Jaw 4 | TOP OF THE 6TH |
---|
Red Deer Wranglers batting - Pitching for Moose Jaw Ghostbusters : RHP Tom Fisher | Batting: LHB Héctor Santos | 0-0: Ball 1-0: Swinging Strike 1-1: Foul Ball, location: 2F 1-2: Foul Ball, location: 2F 1-2: Fly out, F9 (Flyball, 9) | Batting: RHB Allen Brown | 0-0: Called Strike 0-1: Ball 1-1: Ball 2-1: Foul Ball, location: 2F 2-2: Strikes out swinging | Batting: RHB Julián García | 0-0: Called Strike 0-1: Foul Ball, location: 2F 0-2: Strikes out looking | Top of the 6th over - 0 runs, 0 hits, 0 errors, 0 left on base; Red Deer 5 - Moose Jaw 4 | BOTTOM OF THE 6TH |
---|
Moose Jaw Ghostbusters batting - Pitching for Red Deer Wranglers : RHP Arthur Kemp | Pitching: RHP Daniel Casey | | Batting: SHB Michael Miller | 0-0: Called Strike 0-1: Foul Ball, location: 2F 0-2: Foul Ball, location: 2F 0-2: Ball 1-2: Ball 2-2: Strikes out swinging | Batting: LHB John Stone | 0-0: Called Strike 0-1: Ball 1-1: Foul Ball, location: 2F 1-2: Ball 2-2: Foul Ball, location: 2F 2-2: Ground out 5-3 (Groundball, 5S) | Batting: LHB Jon Rogers | 0-0: Foul Ball, location: 2F 0-1: Ball 1-1: Ball 2-1: Ball 3-1: Swinging Strike 3-2: Foul Ball, location: 2F 3-2: Base on Balls | Batting: RHB Billy Mullins | 0-0: Called Strike 0-1: Ball 1-1: Ball 2-1: Foul Ball, location: 2F 2-2: Ball 3-2: Ground out 6-3 (Groundball, 6) | Bottom of the 6th over - 0 runs, 0 hits, 0 errors, 1 left on base; Red Deer 5 - Moose Jaw 4 | TOP OF THE 7TH |
---|
Red Deer Wranglers batting - Pitching for Moose Jaw Ghostbusters : RHP Tom Fisher | Batting: SHB Robbie Rhodes | 0-0: Called Strike 0-1: Foul Ball, location: 2F 0-2: Ball 1-2: Ball 2-2: Strikes out looking | Batting: LHB Edgar López | 0-0: Fly out, F9 (Line Drive, 9) | Batting: LHB Jorge Olvera | 0-0: Ball 1-0: Called Strike 1-1: Foul Ball, location: 2F 1-2: Ball 2-2: Strikes out swinging | Top of the 7th over - 0 runs, 0 hits, 0 errors, 0 left on base; Red Deer 5 - Moose Jaw 4 | BOTTOM OF THE 7TH |
---|
Moose Jaw Ghostbusters batting - Pitching for Red Deer Wranglers : RHP Daniel Casey | Batting: RHB Yasuhiko Sumita | 0-0: Called Strike 0-1: Ball 1-1: Ball 2-1: Ball 3-1: Called Strike 3-2: Strikes out swinging | Batting: RHB Johnny MacNamara | 0-0: Called Strike 0-1: Called Strike 0-2: Strikes out looking | Batting: LHB Tony Beck | 0-0: Ball 1-0: SINGLE (Groundball, 4MD) | Batting: SHB Martín Cruz | 0-0: Called Strike 0-1: Ball 1-1: Swinging Strike 1-2: Strikes out swinging | Bottom of the 7th over - 0 runs, 1 hit, 0 errors, 1 left on base; Red Deer 5 - Moose Jaw 4 | TOP OF THE 8TH |
---|
Red Deer Wranglers batting - Pitching for Moose Jaw Ghostbusters : RHP Tom Fisher | Pitching: RHP José Orozco | | Batting: RHB Pedro Cabrera | 0-0: Ball 1-0: Ball 2-0: Ball 3-0: Called Strike 3-1: Called Strike 3-2: Base on Balls | Batting: RHB Joe Lewis | 0-0: Ball 1-0: Foul Ball, location: 2F 1-1: Ball 2-1: Called Strike 2-2: Ball 3-2: Base on Balls Pedro Cabrera to second | Batting: RHB Xavier López | 0-0: Ball 1-0: Ball 2-0: SINGLE (Line Drive, 6) Pedro Cabrera to third Joe Lewis to second Runner from 3rd tries for Home, SAFE, no throw | Batting: LHB Héctor Santos | 0-0: Called Strike 0-1: Foul Ball, location: 2F 0-2: Ball 1-2: Ball Error on foul ball, E5 2-2: Ball 3-2: Base on Balls Joe Lewis to third Xavier López to second | Batting: RHB Allen Brown | 0-0: Foul Ball, location: 2F 0-1: Called Strike 0-2: Strikes out swinging | Batting: RHB Julián García | 0-0: Ball 1-0: Fly out, F9 (Flyball, 89D) Runner from 3rd tags up, SCORES, throw made | Batting: SHB Robbie Rhodes | 0-0: Called Strike 0-1: Ball 1-1: Called Strike 1-2: Foul Ball, location: 2F 1-2: Ball 2-2: Foul Ball, location: 2F 2-2: Strikes out swinging | Top of the 8th over - 2 runs, 1 hit, 1 error, 2 left on base; Red Deer 7 - Moose Jaw 4 | BOTTOM OF THE 8TH |
---|
Moose Jaw Ghostbusters batting - Pitching for Red Deer Wranglers : RHP Daniel Casey | Batting: RHB Henry Barker | 0-0: Called Strike 0-1: SINGLE (Groundball, 34D) | Batting: SHB Michael Miller | 0-0: Called Strike 0-1: Ball 1-1: Foul Ball, location: 2F 1-2: Strikes out looking | Batting: LHB John Stone | 0-0: Swinging Strike 0-1: Foul Ball, location: 2F 0-2: SINGLE (Flyball, 89S) Henry Barker to second | Batting: LHB Jon Rogers | 0-0: Swinging Strike 0-1: Ball 1-1: Ball 2-1: DOUBLE (Line Drive, 8LD) Henry Barker scores John Stone to third Runner from 3rd tries for Home, SAFE, no throw | Batting: RHB Billy Mullins | 0-0: Ball 1-0: Fly out, F4 (Line Drive, 4) | Batting: RHB Yasuhiko Sumita | 0-0: Foul Ball, location: 2F 0-1: Ball 1-1: Ball 2-1: Ball 3-1: Base on Balls | Pinch Hitting: SHB Rafael Acosta | 0-0: Foul Ball, location: 2F 0-1: Ball 1-1: Called Strike 1-2: Foul Ball, location: 2F 1-2: SINGLE (Flyball, 89S) Jon Rogers to third Yasuhiko Sumita to second Runner from 3rd tries for Home, SAFE, no throw | Pitching: RHP Pat Ferson | | Batting: LHB Tony Beck | 0-0: Called Strike 0-1: Ball 1-1: Ball 2-1: Fly out, F8 (Flyball, 89M) | Bottom of the 8th over - 3 runs, 4 hits, 0 errors, 2 left on base; Red Deer 7 - Moose Jaw 7 | TOP OF THE 9TH |
---|
Red Deer Wranglers batting - Pitching for Moose Jaw Ghostbusters : RHP José Orozco | Now at 2B: Jesús Velásquez | | Batting: LHB Edgar López | 0-0: Ball 1-0: Swinging Strike 1-1: Ground out 2-3 (Groundball, 2L) | Batting: LHB Jorge Olvera | 0-0: Foul Ball, location: 2F 0-1: Foul Ball, location: 2F 0-2: Strikes out swinging | Batting: RHB Pedro Cabrera | 0-0: Ball 1-0: Called Strike 1-1: Swinging Strike 1-2: Foul Ball, location: 2F 1-2: Ball 2-2: Strikes out swinging | Top of the 9th over - 0 runs, 0 hits, 0 errors, 0 left on base; Red Deer 7 - Moose Jaw 7 | BOTTOM OF THE 9TH |
---|
Moose Jaw Ghostbusters batting - Pitching for Red Deer Wranglers : RHP Pat Ferson | Batting: SHB Martín Cruz | 0-0: Called Strike 0-1: Ground out 6-3 (Groundball, 6M) | Batting: RHB Henry Barker | 0-0: Ball 1-0: Ball 2-0: Foul Ball, location: 2F 2-1: Swinging Strike 2-2: Foul Ball, location: 2F 2-2: Strikes out swinging | Pinch Hitting: LHB Darren Holland | 0-0: Fly out, F5 (Line Drive, 6) | Bottom of the 9th over - 0 runs, 0 hits, 0 errors, 0 left on base; Red Deer 7 - Moose Jaw 7 | TOP OF THE 10TH |
---|
Red Deer Wranglers batting - Pitching for Moose Jaw Ghostbusters : RHP José Orozco | Now in RF: Darren Holland | | Batting: RHB Joe Lewis | 0-0: Ball 1-0: Foul Ball, location: 2F 1-1: Called Strike 1-2: Ball 2-2: Strikes out swinging | Batting: RHB Xavier López | 0-0: Ball 1-0: Ball 2-0: Ball 3-0: Called Strike 3-1: SINGLE (Groundball, 34D) | Batting: LHB Héctor Santos | 0-0: Ball 1-0: Ball 2-0: Called Strike 2-1: Foul Ball, location: 2F 2-2: Foul Ball, location: 2F 2-2: Ball 3-2: 2-RUN HOME RUN (Flyball, 9LD), Distance : 311 ft | Batting: RHB Allen Brown | 0-0: Ball 1-0: Ball 2-0: Foul Ball, location: 2F 2-1: Ball 3-1: SINGLE (Line Drive, 5D) | Batting: RHB Julián García | 0-0: Called Strike 0-1: Called Strike 0-2: Ball 1-2: Ball 2-2: Ball 3-2: Base on Balls Allen Brown to second | Batting: SHB Robbie Rhodes | 0-0: Called Strike 0-1: Ball 1-1: Fielders Choice at 2nd, 5-4 (Groundball, 5) Allen Brown to third | Pitching: LHP Javier Galeas | | Batting: LHB Edgar López | 0-0: Called Strike 0-1: Ball 1-1: Ball 2-1: Foul Ball, location: 2F 2-2: Ball 3-2: Strikes out swinging | Top of the 10th over - 2 runs, 3 hits, 0 errors, 2 left on base; Red Deer 9 - Moose Jaw 7 | BOTTOM OF THE 10TH |
---|
Moose Jaw Ghostbusters batting - Pitching for Red Deer Wranglers : RHP Pat Ferson | Batting: LHB John Stone | 0-0: Swinging Strike 0-1: Ball 1-1: Ball 2-1: Ground out 4-3 (Groundball, 4) | Batting: LHB Jon Rogers | 0-0: Ball 1-0: Fly out, F4 (Popup, 4M) | Batting: RHB Billy Mullins | 0-0: Called Strike 0-1: Foul Ball, location: 2F 0-2: Strikes out swinging | Bottom of the 10th over - 0 runs, 0 hits, 0 errors, 0 left on base; Red Deer 9 - Moose Jaw 7 | |